 Dungeon Crawl Stone Soup version 0.28-a0-268-g3f656e82c2 (webtiles) character file.

Game seed: 10717195009656156060

320 frimble the Fighter (level 6, -3/82 (91) HPs)
             Began as a Gnoll Wanderer on Aug 29, 2021.
             Slain by Menkaure (11 damage)
             ... on level 4 of the Dungeon.
             The game lasted 00:04:34 (3681 turns).

frimble the Fighter (Gnoll Wanderer)                Turns: 3681, Time: 00:04:34

HP:   -3/82 (91)    AC: 23    Str: 11    XL:     6   Next: 46%
MP:   9/9           EV:  2    Int: 13    God:
Gold: 78            SH:  0    Dex: 12    Spells: 9/9 levels left

rFire   . . .      SeeInvis .   m - +1 dagger (flame)
rCold   . . .      Faith    .   (no shield)
rNeg    + + +      Spirit   .   (armour currently unavailable)
rPois   +          Reflect  .   (helmet currently unavailable)
rElec   .          Harm     .   (cloak currently unavailable)
rCorr   .          Rampage  .   (gloves currently unavailable)
Will    .....      NoTele   +   (boots currently unavailable)
Stlth   ++........              (no amulet)
HPRegen 0.23/turn               (no ring)
MPRegen 0.11/turn               (no ring)

@: tree-form, drained
A: stationary, stasis, torment immunity, boosted hp, (fangs 1), strong nose,
distributed training
a: no special abilities


You were on level 4 of the Dungeon.
You were a tree.
You visited 1 branch of the dungeon, and saw 4 of its levels.

You collected 78 gold pieces.

Inventory:

Hand Weapons
 a - a +3 dagger
 j - a +0 scimitar
 m - a +1 dagger of flaming (weapon)
 o - a +2 flail of protection
Missiles
 g - 7 javelins (quivered)
 l - 29 poisoned darts
Armour
 e - a +0 robe (melded)
 f - a +1 pair of boots (melded)
 n - a scarf of invisibility (melded)
Wands
 k - a wand of acid (6)
Scrolls
 d - 4 scrolls of teleportation
 i - 2 scrolls of enchant armour
 p - a scroll of blinking
Potions
 b - a potion of haste
 h - 2 potions of might
 q - a potion of flight


   Skills:
 + Level 10.5 Fighting
 + Level 2.0 Short Blades
 + Level 2.0 Long Blades
 + Level 2.0 Axes
 + Level 2.0 Maces & Flails
 + Level 2.0 Polearms
 + Level 2.0 Staves
 + Level 2.0 Slings
 + Level 2.0 Bows
 + Level 2.0 Crossbows
 + Level 2.0 Throwing
 + Level 3.2 Armour
 + Level 2.0 Dodging
 + Level 3.1 Stealth
 + Level 2.0 Shields
 + Level 3.2 Unarmed Combat
 + Level 2.0 Spellcasting
 + Level 1.5 Conjurations
 + Level 1.5 Hexes
 + Level 1.5 Summonings
 + Level 1.5 Necromancy
 + Level 1.5 Translocations
 + Level 1.5 Transmutations
 + Level 1.5 Fire Magic
 + Level 1.5 Ice Magic
 + Level 1.5 Air Magic
 + Level 1.5 Earth Magic
 + Level 1.5 Poison Magic
 + Level 2.2 Invocations
 + Level 5.0 Evocations


You had 9 spell levels left.
You didn't know any spells.
Your spell library contained the following spells:

 Spells                   Type           Power      Damage    Failure   Level
 Corpse Rot               Necr/Air       N/A        N/A       21%         2
 Poisonous Vapours        Pois/Air       10%        N/A       21%         2
 Gell's Gravitas          Tloc           2%         N/A       36%         3
 Teleport Other           Tloc           5%         N/A       36%         3
 Freezing Cloud           Conj/Ice/Air   2%         6-21      98%         5
 Dispersal                Tloc           2%         N/A       100%        6


Dungeon Overview and Level Annotations

Branches:
Dungeon (4/15)
 Temple: D:4-7

Altars:

Annotations:
D:4 Menkaure


Innate Abilities, Weirdness & Mutations

You are a tree.
Your roots penetrate the ground, keeping you stationary.
You cannot be teleported.
You are immune to unholy pain and torment.
Your maximum health is greatly increased.
Your equipment is partially melded.
((You have very sharp teeth.))
Your uncanny sense of smell can sniff out nearby items.
Your experience applies equally to all skills.


Message History

Menkaure is moderately damaged.
Menkaure draws the symbol "Udjat" in the dust.
Menkaure completely misses you.
You hit Menkaure but do no damage. Your bite misses Menkaure.
Menkaure is moderately damaged.
Menkaure misses you.
You completely miss Menkaure.
Menkaure is moderately damaged.
Menkaure completely misses you.
You hit Menkaure. You burn Menkaure.
Menkaure is heavily damaged.
Menkaure hits you.
You barely miss Menkaure.
Menkaure is heavily damaged.
Menkaure calls on the powers of darkness!
Your body is wracked with pain!
You hit Menkaure but do no damage. You bite Menkaure, but do no damage.
Menkaure is heavily damaged.
Menkaure hits you!
* * * LOW HITPOINT WARNING * * *
You hit Menkaure but do no damage. You bite Menkaure, but do no damage.
Menkaure is heavily damaged.
Menkaure calls on the powers of darkness!
Your body is wracked with pain!
* * * LOW HITPOINT WARNING * * *
Really quaff the potion of lignification?
You turn into a tree.
Your scarf of invisibility melds into your body.
Your +1 pair of boots melds into your body.
Your +0 robe melds into your body.
Your roots penetrate the ground.
Menkaure hits you.
* * * LOW HITPOINT WARNING * * *
You hit Menkaure. You burn Menkaure.
Menkaure is heavily damaged.
Menkaure hits you.
* * * LOW HITPOINT WARNING * * *
You hit Menkaure. You burn Menkaure.
Menkaure is almost destroyed.
Menkaure hits you!
You die...

#######.####............ #.#
####........# . #.#
..##.#### ##. ########.#
#.## ..# ###.. #........# #.
##.###...< #........# #.#..
.......# #........######...#
##.##.#
#...............#######.##.#
#..........♣M...............
#........######)######.####.
#........# ##.###....# ##
#...####.## ##..##..#### #..
#..# #......## ##.###)..####
## #....†### ## #...##.†.###
#. #.....†..######## #.


You could see Menkaure (fast).

Vanquished Creatures
  An ogre (D:3)
  A hound (D:2)
  8 gnolls
  5 adders
  A worm (D:2)
  2 dart slugs
  An orc (D:3)
  7 endoplasms
  5 goblins
  11 hobgoblins
  2 jackals (D:4)
  5 quokkas
  8 ball pythons
  7 bats
  6 frilled lizards
  7 kobolds
  7 rats
84 creatures vanquished.

Notes
Turn   | Place    | Note
-------+----------+-------------------------------------------
     0 | D:1      | Reached skill level 10 in Fighting
     0 | D:1      | frimble the Gnoll Wanderer began the quest for the Orb.
     0 | D:1      | frimble set off with the following items: a +2 dagger, a
                  | potion of haste, a potion of lignification, a scroll of
                  | teleportation, a +0 robe
     0 | D:1      | Reached XP level 1. HP: 28/28 MP: 1/1
   190 | D:1      | Reached XP level 2. HP: 29/36 MP: 2/2
   781 | D:1      | Reached XP level 3. HP: 40/42 MP: 3/3
  1138 | D:2      | Reached skill level 1 in Invocations
  1214 | D:2      | Reached skill level 1 in Short Blades
  1214 | D:2      | Reached skill level 1 in Long Blades
  1214 | D:2      | Reached skill level 1 in Axes
  1214 | D:2      | Reached skill level 1 in Maces & Flails
  1214 | D:2      | Reached skill level 1 in Polearms
  1214 | D:2      | Reached skill level 1 in Staves
  1214 | D:2      | Reached skill level 1 in Slings
  1214 | D:2      | Reached skill level 1 in Bows
  1214 | D:2      | Reached skill level 1 in Crossbows
  1214 | D:2      | Reached skill level 1 in Throwing
  1214 | D:2      | Reached skill level 1 in Dodging
  1214 | D:2      | Reached skill level 1 in Shields
  1214 | D:2      | Reached skill level 1 in Spellcasting
  1214 | D:2      | Reached XP level 4. HP: 44/48 MP: 5/5
  1452 | D:2      | Reached skill level 1 in Conjurations
  1452 | D:2      | Reached skill level 1 in Hexes
  1452 | D:2      | Reached skill level 1 in Summonings
  1452 | D:2      | Reached skill level 1 in Necromancy
  1452 | D:2      | Reached skill level 1 in Translocations
  1452 | D:2      | Reached skill level 1 in Transmutations
  1452 | D:2      | Reached skill level 1 in Fire Magic
  1452 | D:2      | Reached skill level 1 in Ice Magic
  1452 | D:2      | Reached skill level 1 in Air Magic
  1452 | D:2      | Reached skill level 1 in Earth Magic
  1452 | D:2      | Reached skill level 1 in Poison Magic
  1469 | D:2      | Reached XP level 5. HP: 21/49 MP: 3/6
  2061 | D:2      | Found a faded altar of an unknown god.
  2298 | D:3      | Noticed an ogre
  2388 | D:3      | Killed an ogre
  2389 | D:3      | Reached XP level 6. HP: 12/60 MP: 5/8
  3393 | D:4      | Reached skill level 5 in Evocations
  3664 | D:4      | Noticed Menkaure
  3681 | D:4      | Slain by Menkaure

Illustrated notes

Levels and vault maps discovered:
D:1:      co_arrival_square_in_a_square_in_a_square, layout_rooms
D:2:      layout_rooms, ebering_ecumenical_altar_sacrificial, patterned_corridor
D:3:      layout_loops_ring
D:4:      layout_rooms, chequers_ossuary_entry_cave, uniq_sigmund, uniq_menkaure

Skill      XL: |  1  2  3  4  5  6 |
---------------+-------------------+-----
Fighting       | | 10.5
Invocations    | 1 2 |  2.2
Short Blades   | 1 2 |  2.0
Long Blades    | 1 2 |  2.0
Axes           | 1 2 |  2.0
Maces & Flails | 1 2 |  2.0
Polearms       | 1 2 |  2.0
Staves         | 1 2 |  2.0
Slings         | 1 2 |  2.0
Bows           | 1 2 |  2.0
Crossbows      | 1 2 |  2.0
Throwing       | 1 2 |  2.0
Dodging        | 1 2 |  2.0
Shields        | 1 2 |  2.0
Spellcasting   | 1 2 |  2.0
Conjurations   | 1 |  1.5
Hexes          | 1 |  1.5
Summonings     | 1 |  1.5
Necromancy     | 1 |  1.5
Translocations | 1 |  1.5
Transmutations | 1 |  1.5
Fire Magic     | 1 |  1.5
Ice Magic      | 1 |  1.5
Air Magic      | 1 |  1.5
Earth Magic    | 1 |  1.5
Poison Magic   | 1 |  1.5
Armour         | 3 |  3.2
Unarmed Combat | 3 |  3.2
Stealth        | 3 |  3.1
Evocations     | 5 |  5.0

Action                   |  1- 3 |  4- 6 || total
-------------------------+-------+-------++-------
Melee: Unarmed           |    47 |       ||    47
       Bite              |    10 |    18 ||    28
       Dagger            |    73 |   189 ||   262
       Punch             |     2 |     3 ||     5
 Abil: Evoke Invisibilit |       |     4 ||     4
  Use: Scroll            |     3 |     6 ||     9
       Potion            |       |     1 ||     1
 Stab: Sleeping          |     4 |     3 ||     7
       Invisible         |       |    11 ||    11
       Distracted        |       |     1 ||     1
Armor: Robe              |    51 |    36 ||    87
Dodge: Dodged            |    78 |   133 ||   211

Table legend: (Time is in decaauts)
 A = Elapsed time spent in this place.
 B = Non-inter-level travel time spent in this place.
 C = Inter-level travel time spent in this place.
 D = Time resting spent in this place.
 E = Time spent auto-exploring this place.
 F = Levels seen in this place.
 G = Mean time per level.
                   A        B        C        D        E       F      G
               +--------+--------+--------+--------+--------+-----+--------+
         Total |   3659 |   3537 |    122 |      0 |   2809 |   4 |  914.8 |
       Dungeon |   3659 |   3537 |    122 |      0 |   2809 |   4 |  914.8 |
               +--------+--------+--------+--------+--------+-----+--------+

Top non-repeatable levels by time:
     D:2: 1268 daAuts
     D:3: 1083 daAuts
     D:1: 984 daAuts
     D:4: 323 daAuts
